 Dungeon Sprint DCSS version 0.29-a0-1006-g0dd7720b37 (webtiles) character file.

Game seed: 8234256190608793476

148 mhtbhm the Sneak (level 5, -6/43 HPs)
             Began as a Palentonga Brigand on Aug 6, 2022.
             Was an Initiate of Dithmenos.
             Killed from afar by an oklob sapling wizard (9 damage)
             ... with a splash of acid
             ... in the Dungeon (Sprint IV: "Fedhas' Mad Dash").
             The game lasted 00:00:54 (511 turns).

mhtbhm the Sneak (Palentonga Brigand)                Turns: 511, Time: 00:00:55

Health: -6/43      AC:  5    Str: 18    XL:     5   Next: 8%
Magic:  4/5        EV: 10    Int: 12    God:    Dithmenos [......]
Gold:   43         SH:  0    Dex: 11    Spells: 4/4 levels left

rFire   . . .      SeeInvis +   a - +2 dagger
rCold   . . .      Faith    .   (no shield)
rNeg    . . .      Spirit   .   b - +0 robe
rPois   .          Reflect  .   (no helmet)
rElec   .          Harm     .   c - +0 cloak
rCorr   .          Rampage  .   (no gloves)
Will    .....      NoTele   +   (no barding)
Stlth   +++.......              n - amulet of invisibility {+Inv}
HPRegen 0.14/turn               l - +4 ring of protection
MPRegen 0.09/turn               (no ring)

@: corroded, very slightly contaminated, invisible (expiring)
A: large, rugged brown scales 3, see invisible, deformed body, roll 1, armoured
tail
a: Rolling Charge, Renounce Religion, Evoke Invisibility


You were in the Dungeon.
You worshipped Dithmenos.
Dithmenos was noncommittal.
You visited 1 branch You collected 43 gold pieces.

Inventory:

Hand Weapons
 a - a +2 dagger (weapon)
Missiles
 d - 9 poisoned darts (quivered)
 e - 3 curare-tipped darts
 m - a throwing net
Armour
 b - a +0 robe (worn)
 c - a +0 cloak (worn)
Jewellery
 l - a +4 ring of protection (left hand)
 n - the amulet of invisibility (around neck) {+Inv}
   (You found it in the Dungeon)

   [amulet of nothing]

   +Inv:      It lets you turn invisible.
Scrolls
 k - a scroll of blinking
Potions
 f - a potion of curing
 g - a potion of heal wounds
 h - a potion of haste
 i - 2 potions of magic
 j - a potion of berserk rage


   Skills:
 + Level 3.4 Fighting
 + Level 4.5 Short Blades
 + Level 2.5 Throwing
 + Level 2.2 Dodging
 + Level 6.6 Stealth
 + Level 0.4 Evocations


You had 4 spell levels left.
You didn't know any spells.
Your spell library was empty.

Dungeon Overview and Level Annotations

Branches:
Dungeon (1/1)

Altars:
Cheibriados
Dithmenos
Elyvilon
Gozag
Hepliaklqana
Kikubaaqudgha
Makhleb
Nemelex Xobeh
Okawaru
Qazlal
Ru
Sif Muna
Trog
Uskayaw
Vehumet
Wu Jian
Xom
Yredelemnul
Zin
The Shining One
Jiyva
Lugonu

Annotations:
D exclusion: oklob sapling


Innate Abilities, Weirdness & Mutations

You are completely covered in rugged brown scales. (AC +3, +7% HP)
You have supernaturally acute eyesight. (SInv)
Armour fits poorly on your strangely shaped body.
You can roll at nearby foes to attack.
You have a long armoured tail.


Message History

You hit the oklob sapling wizard but do no damage.
The oklob sapling wizard is almost destroyed.
You hit the oklob sapling wizard but do no damage.
The oklob sapling wizard is almost destroyed.
The oklob sapling wizard spits acid at you.
The splash of acid hits you!
* * * LOW HITPOINT WARNING * * *
The acid corrodes you!
You hit the oklob sapling wizard but do no damage.
The oklob sapling wizard is almost destroyed.
The oklob sapling wizard spits acid at you.
The splash of acid misses you.
Unknown command.
You hit the oklob sapling wizard but do no damage.
The oklob sapling wizard is almost destroyed.
You hit the oklob sapling wizard but do no damage.
The oklob sapling wizard is almost destroyed.
Unknown command.
You hit the oklob sapling wizard but do no damage.
The oklob sapling wizard is almost destroyed.
You flicker for a moment.
You completely miss the oklob sapling wizard.
The oklob sapling wizard is almost destroyed.
You hit the oklob sapling wizard but do no damage.
The oklob sapling wizard is almost destroyed.
The oklob sapling wizard casts a cantrip, but nothing happens.
You hit the oklob sapling wizard but do no damage.
The oklob sapling wizard is almost destroyed.
You hit the oklob sapling wizard but do no damage.
The oklob sapling wizard is almost destroyed.
You hit the oklob sapling wizard.
You tail-slap the oklob sapling wizard, but do no damage.
The oklob sapling wizard is almost destroyed.
Okay, then.
You hit the oklob sapling wizard but do no damage.
You punch the oklob sapling wizard, but do no damage.
The oklob sapling wizard is almost destroyed.
The oklob sapling wizard spits acid at you.
The splash of acid hits you!
You die...

###################
.#.⌠._._._._.⌠.#.)+
.'.._._._._._..'@P#
.#..._._._._...#..#
##.._._._._._..#.$#
#._._._._._.⌠.####
###############


You could see an oklob sapling wizard (unable to see you).

Vanquished Creatures
  A scorpion (D)
  2 oklob saplings (D)
  A river rat (D)
  A rat (D)
5 creatures vanquished.

Notes
Turn   | Place    | Note
-------+----------+-------------------------------------------
     0 | D        | mhtbhm the Palentonga Brigand began the quest for the Orb.
     0 | D        | Reached XP level 1. HP: 17/17 MP: 1/1
    13 | D        | Reached skill level 3 in Stealth
    13 | D        | Reached XP level 2. HP: 14/23 MP: 2/2
   246 | D        | Noticed an oklob sapling
   253 | D        | Killed an oklob sapling
   254 | D        | Reached skill level 1 in Dodging
   254 | D        | Reached skill level 4 in Stealth
   254 | D        | Reached XP level 3. HP: 29/29 MP: 3/3
   358 | D        | Noticed a scorpion
   358 | D        | Found the amulet of invisibility {+Inv}
   377 | D        | Killed a scorpion
   378 | D        | Reached skill level 5 in Stealth
   378 | D        | Reached XP level 4. HP: 33/37 MP: 4/4
   410 | D        | Found an opulent altar of Gozag.
   410 | D        | Found a hazy altar of Hepliaklqana.
   410 | D        | Found a burning altar of Makhleb.
   410 | D        | Found a sparkling altar of Nemelex Xobeh.
   410 | D        | Found a snail-covered altar of Cheibriados.
   410 | D        | Found a sacrificial altar of Ru.
   410 | D        | Found a shimmering blue altar of Sif Muna.
   410 | D        | Found a shimmering altar of Xom.
   410 | D        | Found a basalt altar of Yredelemnul.
   411 | D        | Found a viscous altar of Jiyva.
   411 | D        | Found a bloodstained altar of Trog.
   411 | D        | Found an ornate altar of the Wu Jian Council.
   412 | D        | Found an iron altar of Okawaru.
   412 | D        | Found a shadowy altar of Dithmenos.
   412 | D        | Found a glowing silver altar of Zin.
   413 | D        | Found an ancient bone altar of Kikubaaqudgha.
   413 | D        | Found a hide-covered altar of Uskayaw.
   414 | D        | Found a stormy altar of Qazlal.
   414 | D        | Found a white marble altar of Elyvilon.
   414 | D        | Found a glowing golden altar of the Shining One.
   415 | D        | Found a radiant altar of Vehumet.
   415 | D        | Found a corrupted altar of Lugonu.
   423 | D        | Reached skill level 6 in Stealth
   423 | D        | Reached XP level 5. HP: 34/43 MP: 3/5
   427 | D        | Became a worshipper of Dithmenos the Shadowed
   501 | D        | HP: 2/43 [oklob sapling wizard/splash of acid (12)]
   511 | D        | Killed from afar by an oklob sapling wizard

Illustrated notes

Levels and vault maps discovered:
D:        dungeon_sprint_fedhas [sprint_temple]

Skill      XL: |  1  2  3  4 |
---------------+-------------+-----
Stealth        | 3 4 5 6 |  6.6
Short Blades   | 3 4 |  4.5
Dodging        | 1 2 |  2.2
Fighting       | 3 |  3.4
Throwing       | 2 |  2.5
Evocations     | |  0.4

Action                   |  1- 3 |  4- 6 || total
-------------------------+-------+-------++-------
Melee: Dagger            |    28 |    24 ||    52
       Tailslap          |     6 |     4 ||    10
       Punch             |     1 |     1 ||     2
 Abil: Rolling Charge    |     1 |     2 ||     3
       Evoke Invisibilit |       |     2 ||     2
 Stab: Invisible         |       |     1 ||     1
Armor: Robe              |    12 |       ||    12
Dodge: Dodged            |    12 |     1 ||    13

Table legend: (Time is in decaauts)
 A = Elapsed time spent in this place.
 B = Non-inter-level travel time spent in this place.
 C = Inter-level travel time spent in this place.
 D = Time resting spent in this place.
 E = Time spent auto-exploring this place.
 F = Levels seen in this place.
 G = Mean time per level.
                   A        B        C        D        E       F      G
               +--------+--------+--------+--------+--------+-----+--------+
         Total |    502 |    502 |      0 |    386 |      3 |   1 |  502.0 |
       Dungeon |    502 |    502 |      0 |    386 |      3 |   1 |  502.0 |
               +--------+--------+--------+--------+--------+-----+--------+

Top non-repeatable levels by time:
       D: 502 daAuts
